 Dungeon Crawl Stone Soup version 0.15-a0-756-g319e367 (webtiles) character file.

1183 4tharraofdagon the Spear-Bearer (level 8, -7/64 HPs)
             Began as a Merfolk Gladiator on May 12, 2014.
             Was an Initiate of the Shining One.
             Mangled by a troll zombie (9 damage)
             ... on Level 7 of the Dungeon.
             The game lasted 00:13:25 (2091 turns).

4tharraofdagon the Spear-Bearer (Merfolk Gladiator) Turns: 2091, Time: 00:13:26

HP  -7/64        AC  6     Str 16      XL: 8   Next: 42%
MP  12/12        EV 16     Int  7      God: the Shining One [......]
Gold 225         SH  0     Dex 16      Spells:  0 memorised,  7 levels left

rFire  + . .     SeeInvis .     a - +0 trident
rCold  . . .     Clarity  .     b - +0 leather armour
rNeg   . . .     Conserve .     (no shield)
rPois  .         rCorr    .     c - +0 helmet
rElec  .         rRot     .     j - +0 cloak
SustAb . .       Spirit   .     (no gloves)
rMut   .         Warding  .     p - +0 pair of boots
Gourm  .         Stasis   .     x - amulet of rage
MR     .....                    (no ring)
                                q - ring of protection from fire

@: exhausted, slowed, bribing [], very slow, not resistant to hostile
enchantments, very unstealthy
A: change form in water, swift swim
a: Renounce Religion, Evoke Berserk Rage


You were on level 7 of the Dungeon.
You worshipped the Shining One.
The Shining One was noncommittal.
You were hungry.

You visited 2 branches of the dungeon, and saw 8 of its levels.

You collected 225 gold pieces.

Inventory:

Hand weapons
 a - a +0,+0 trident (weapon)
 E - a +0,+0 club
Missiles
 y - 2 javelins (quivered)
Armour
 b - a +0 leather armour (worn)
 c - a +0 helmet (worn)
 i - a +0 hat
 j - a +0 cloak (worn)
 l - a +0 pair of boots
 p - a +0 pair of boots (worn)
 A - a +0 leather armour of cold resistance
Magical devices
 m - a wand of frost (2)
 u - a wand of frost (4)
Comestibles
 f - 6 bread rations
 g - a meat ration
 o - a choko
 r - a sausage
 z - a rotting chunk of quokka flesh
 D - a chunk of hobgoblin flesh
 F - a pear
Scrolls
 d - a scroll of enchant weapon III {unknown}
 e - 2 scrolls of magic mapping
 h - 2 scrolls of remove curse
 k - 5 scrolls of identify
 n - a scroll of fog {unknown}
 v - a scroll of noise {unknown}
 w - a scroll of recharging {unknown}
 C - a scroll of teleportation
Jewellery
 q - a ring of protection from fire (left hand)
 s - an uncursed amulet of clarity
 x - an amulet of rage (around neck)
Potions
 t - a potion of curing
Books
 B - a book of the Sky

   Spells                             Type                      Level
   Flight                             Charms/Air                   3
   Airstrike                          Air                          4
   Silence                            Hexes/Air                    5
   Deflect Missiles                   Charms/Air                   6
   Conjure Ball Lightning             Conjuration/Air              6
   Tornado                            Air                          9


   Skills:
 + Level 5.6 Fighting
 * Level 10.1 Polearms
 - Level 2.0 Throwing
 - Level 7.2 Dodging
 * Level 3.1 Evocations


You had 7 spell levels left.
You didn't know any spells.

Dungeon Overview and Level Annotations

Branches:
Dungeon (7/15)             Temple (1/1) D:6

Altars:
Ashenzari
Dithmenos
Elyvilon
Fedhas
Gozag
Makhleb
Qazlal
Sif Muna
Trog
Vehumet
Xom
Zin
The Shining One


Message History

The phantom hits you but does no damage.
Unknown command.
Unknown command.
You puncture the phantom!
You destroy the phantom!
The Shining One accepts your kill.
Your Evocations skill increases to level 3!
Unknown command.
You see here an encrusted marble ring.
The troll zombie closely misses you.
The troll zombie claws you but does no damage.
The troll zombie misses you.
You open the door. The troll zombie bites you!
* * * LOW HITPOINT WARNING * * *
The troll zombie claws you but does no damage.
The troll zombie barely misses you.
Unknown command.
Unknown command.
The troll zombie bites you!
You die...

#.....<..W.####..........#
#........### #..........#
#####.#### #..........#
#..# #..........# ...##
#...ยง......# .##
#########'## #.
#######...# #.Z..=..###
#@####### #..........
#......... #.........
#......... #........
+....... #...... ...


You could see a troll zombie.

Vanquished Creatures
  Grinder (D:4)
  2 phantoms
  4 ogres
  A scorpion (D:3)
  2 giant frogs
  An orc priest (D:4)
  An orc wizard (D:4)
  3 worker ants
  A big kobold zombie (D:6)
  4 adders
  A gnoll (D:6)
  2 giant geckos
  14 orcs
  A giant cockroach (D:2)
  9 goblins
  7 hobgoblins
  4 jackals (D:4)
  6 kobolds
  A quokka (D:6)
  2 bats
  A giant newt (D:4)
  18 rats
86 creatures vanquished.

Notes
Turn   | Place    | Note
--------------------------------------------------------------
     0 | D:1      | 4tharraofdagon, the Merfolk Gladiator, began the quest for the Orb.
     0 | D:1      | Reached XP level 1. HP: 16/16 MP: 1/1
    31 | D:1      | Reached XP level 2. HP: 14/23 MP: 2/2
   232 | D:2      | Reached skill level 5 in Polearms
   232 | D:2      | Reached XP level 3. HP: 28/28 MP: 3/3
   476 | D:3      | Reached XP level 4. HP: 24/35 MP: 4/4
   628 | D:4      | Noticed an ogre
   648 | D:5      | Entered Level 5 of the Dungeon
   732 | D:6      | Found a staircase to the Ecumenical Temple.
   743 | Temple   | Entered the Ecumenical Temple
   778 | Temple   | Became a worshipper of the Shining One
   826 | D:6      | Noticed a phantom
   852 | D:6      | Noticed a giant frog
   871 | D:5      | Killed a giant frog
   871 | D:5      | Reached skill level 6 in Polearms
   871 | D:5      | Reached skill level 5 in Dodging
   871 | D:5      | Reached XP level 5. HP: 12/41 MP: 5/5
   971 | D:4      | Noticed an ogre
   993 | D:4      | Killed an ogre
   993 | D:4      | Reached skill level 7 in Polearms
   993 | D:4      | Reached XP level 6. HP: 32/48 MP: 6/6
  1068 | D:4      | Noticed an ogre
  1093 | D:4      | Killed an ogre
  1229 | D:4      | Killed an ogre
  1229 | D:4      | Reached skill level 8 in Polearms
  1229 | D:4      | Reached XP level 7. HP: 20/55 MP: 7/7
  1283 | D:3      | Noticed a scorpion
  1292 | D:3      | Killed a scorpion
  1405 | D:3      | Noticed a hungry ghost
  1506 | D:4      | Noticed Grinder
  1526 | D:4      | HP: 2/55 [Grinder (6)]
  1540 | D:4      | Paralysed by Grinder for 4 turns
  1552 | D:4      | Killed Grinder
  1552 | D:4      | Reached skill level 5 in Fighting
  1552 | D:4      | Reached skill level 9 in Polearms
  1772 | D:6      | Noticed an ogre
  1784 | D:6      | Killed an ogre
  1784 | D:6      | Reached skill level 1 in Evocations
  1784 | D:6      | Reached XP level 8. HP: 48/62 MP: 7/9
  1808 | D:6      | Noticed a phantom
  1810 | D:6      | Noticed a giant frog
  1821 | D:6      | Killed a giant frog
  1829 | D:6      | Killed a phantom
  1897 | D:6      | Reached skill level 10 in Polearms
  2004 | D:6      | Found a burning altar of Makhleb.
  2090 | D:7      | HP: 2/64 [troll zombie (9)]
  2091 | D:7      | Mangled by a troll zombie

Action                   |  1- 3 |  4- 6 |  7- 9 || total
-------------------------+-------+-------+-------++-------
Melee: Trident           |    78 |   103 |   112 ||   293
Throw: Throwing net      |     3 |     6 |       ||     9
       Javelin           |       |       |     2 ||     2
 Abil: Evoke Berserk Rag |       |       |     3 ||     3
Evoke: Wand              |     1 |    14 |     9 ||    24
  Use: Scroll            |     1 |     2 |       ||     3
       Potion            |       |     3 |     4 ||     7
 Stab: Held in net/web   |     2 |     2 |       ||     4
       Sleeping          |       |       |     1 ||     1

Vault maps used:
D:1:      erik_arrival_orb_chamber
D:2:      lemuel_zombie_altar_yredelemnul
D:3:      uniq_jessica
D:4:      first_bread, uniq_grinder
D:5:      kennysheep_nondescript
D:6:      minmay_temple_entry_butterflies, basic_altar
D:7:      lightli_temple_of_fire, okawaru_trees_2
Temple:   circular_temple_12
